 Dungeon Crawl Stone Soup version 0.23.1-37-gaa34b87 (webtiles) character file.

Game seed: 4120944287095178398

1428 Borgoz the Cutter (level 8, -3/68 HPs)
             Began as a Ghoul Gladiator on Mar 22, 2019.
             Splashed by a jelly's acid (9 damage)
             ... on level 6 of the Dungeon.
             The game lasted 00:11:42 (4840 turns).

Borgoz the Cutter (Ghoul Gladiator)                 Turns: 4840, Time: 00:11:43

Health: -3/68      AC: -1    Str: 18    XL:     8   Next: 72%
Magic:  7/7        EV:  7    Int:  5    God:
Gold:   327        SH:  0    Dex: 10    Spells: 7/7 levels left

rFire    . . .     SeeInvis .   b - +2 dagger (venom)
rCold    + . .     Gourm    .   (no shield)
rNeg     + + +     Faith    .   o - +0 plate armour
rPois    ∞         Spirit   .   c - +0 helmet
rElec    .         Reflect  .   y - +0 cloak
rCorr    .         Harm     .   (no gloves)
MR       .....                  (no boots)
Stlth    ..........             (no amulet)
HPRegen  0.00/turn              (no ring)
MPRegen  0.10/turn              (no ring)

@: corroded, rotting
A: rotting body, claws 1, carnivore, cold resistance 1, negative energy
resistance 3, inhibited regeneration, torment resistance, unbreathing
a: no special abilities


You were on level 6 of the Dungeon.
You were not hungry.

You visited 1 branch of the dungeon, and saw 7 of its levels.
You also visited: Ossuary.

You collected 327 gold pieces.

Inventory:

Hand Weapons
 a - a +2 rapier
 b - a +2 dagger of venom (weapon)
 u - a +0 dagger of pain
Missiles
 d - 4 throwing nets (quivered)
 p - 6 javelins of penetration
Armour
 c - a +0 helmet (worn)
 g - a +0 ring mail
 o - a +0 plate armour (worn)
 t - the +1 robe "Dustuiv" {rCorr Int+7 Dex-4}
   (You found it on level 7 of the Dungeon)

   It affects your intelligence (+7).
   It affects your dexterity (-4).
   It provides partial protection from all sources of acid and corrosion.
 y - a +0 cloak (worn)
Jewellery
 k - an uncursed ring of flight
 x - an uncursed ring of ice
Wands
 n - a wand of flame (10)
Scrolls
 e - a scroll of blinking
 h - 2 scrolls of teleportation
 j - 2 scrolls of remove curse
 l - a scroll of fear
 v - 2 scrolls of random uselessness
 w - a scroll of fog
Potions
 i - 2 potions of might
 m - 4 potions of curing
 q - 3 potions of haste
 r - a potion of resistance
 s - a potion of heal wounds
 z - a potion of invisibility {unknown}
Comestibles
 f - 13 rations
 A - 3 chunks of flesh


   Skills:
 + Level 5.0 Fighting
 * Level 6.1 Short Blades
 - Level 1.7 Throwing
 * Level 5.4 Armour
 + Level 4.6 Dodging


You had 7 spell levels left.
You didn't know any spells.
Your spell library was empty.

Dungeon Overview and Level Annotations

Branches:
Dungeon (7/15)
 Temple: D:4-7

Altars:
Vehumet

Shops:
D:4 (


Innate Abilities, Weirdness & Mutations

Your body is rotting away.
You thrive on raw meat.
You are immune to poison.
You have sharp fingernails.
You are carnivorous and can eat meat at any time.
Your flesh is cold resistant. (rC+)
You are immune to negative energy. (rN+++)
You do not regenerate when monsters are visible.
You are immune to unholy pain and torment.
You can survive without breathing.


Message History

You hit the jelly but do no damage.
Your claws burn!
* * * LOW HITPOINT WARNING * * *
The jelly is heavily wounded.
The jelly barely misses you.
You hit the jelly.
Your claws burn!
* * * LOW HITPOINT WARNING * * *
The jelly is severely wounded.
The jelly closely misses you.
You hit the jelly but do no damage.
Your claws burn!
* * * LOW HITPOINT WARNING * * *
The jelly is severely wounded.
The jelly looks more healthy.
The jelly hits you but does no damage.
You completely miss the jelly.
The jelly is almost dead.
Your plate armour prevents you from hitting the jelly.
The jelly is almost dead.
The jelly hits you.
* * * LOW HITPOINT WARNING * * *
The acid corrodes you!
You are splashed with acid!
You die...

#....## #.....
#....# #....#
#....# #....#
######....#
#....(..#####.####
#.>....5J@........
#...###.##########
#....<.......
#############


You could see a jelly and a crimson imp.

Vanquished Creatures
  An ice beast (D:7)
  3 ogres (D:5)
  A black bear (D:7)
  A centaur (D:5)
  2 elf zombies (Ossuary)
  2 scorpions
  A howler monkey (D:5)
  3 crimson imps
  2 centaur zombies
  A hound (D:4)
  A human zombie (Ossuary)
  A centaur skeleton (D:4)
  An iguana (D:4)
  3 worker ants
  A killer bee zombie (D:7)
  2 mummies (Ossuary)
  4 gnolls (D:5)
  A river rat (D:4)
  6 adders
  An ooze (D:1)
  An adder zombie (Ossuary)
  7 worms
  3 dart slugs (D:1)
  5 leopard geckos
  8 orcs
  6 bats
  8 giant cockroaches
  8 goblins
  18 hobgoblins
  9 jackals
  3 quokkas
  6 frilled lizards
  4 goblin zombies (Ossuary)
  6 hobgoblin zombies (Ossuary)
  A jackal skeleton (D:7)
  9 kobolds
  10 kobold zombies (Ossuary)
  A leopard gecko zombie (D:5)
  11 orc zombies (Ossuary)
  A quokka skeleton (D:6)
  12 rats
  A rat zombie (Ossuary)
176 creatures vanquished.

Notes
Turn   | Place    | Note
-------+----------+-------------------------------------------
     0 | D:1      | Borgoz the Ghoul Gladiator began the quest for the Orb.
     0 | D:1      | Reached XP level 1. HP: 17/17 MP: 0/0
   222 | D:1      | Reached XP level 2. HP: 24/24 MP: 1/1
   313 | D:1      | Reached skill level 3 in Short Blades
   329 | D:1      | Reached skill level 1 in Armour
   377 | D:1      | Reached XP level 3. HP: 30/30 MP: 2/2
   814 | D:2      | Reached XP level 4. HP: 29/37 MP: 3/3
  1484 | D:2      | Reached XP level 5. HP: 43/44 MP: 4/4
  2616 | D:4      | Reached skill level 4 in Short Blades
  2616 | D:4      | Reached XP level 6. HP: 48/51 MP: 5/5
  2690 | D:4      | Found a sand-covered staircase.
  2695 | Ossuary  | Entered an ossuary
  3049 | Ossuary  | Reached XP level 7. HP: 12/57 MP: 6/6
  3183 | D:4      | You fall through a shaft for 3 floors!
  3187 | D:7      | Got a shadowed robe
  3206 | D:7      | Reached skill level 5 in Short Blades
  3299 | D:5      | Entered Level 5 of the Dungeon
  3454 | D:4      | Reached XP level 8. HP: 62/67 MP: 7/7
  3569 | D:4      | Identified the +1 robe "Dustuiv" {rCorr Int+7 Dex-4} (You
                  | found it on level 7 of the Dungeon)
  3620 | D:4      | Found Ukag's Antique Weapon Boutique.
  4060 | D:5      | HP: 3/67 [ogre/+0 giant spiked club (8)]
  4084 | D:5      | Reached skill level 5 in Armour
  4198 | D:5      | Reached skill level 6 in Short Blades
  4211 | D:5      | Reached skill level 5 in Fighting
  4639 | D:5      | Found a radiant altar of Vehumet.
  4840 | D:6      | Splashed by a jelly's acid

Skill      XL: |  1  2  3  4  5  6  7  8 |
---------------+-------------------------+-----
Short Blades   | 3 4 5 6 |  6.1
Armour         | 1 2 3 4 5 |  5.4
Dodging        | 3 4 |  4.6
Fighting       | 3 4 5 |  5.0
Throwing       | |  1.7

Action                   |  1- 3 |  4- 6 |  7- 9 || total
-------------------------+-------+-------+-------++-------
Melee: Rapier            |   121 |   216 |   117 ||   454
       Dagger            |       |   184 |   169 ||   353
  Use: Potion            |       |     2 |     5 ||     7
       Scroll            |       |    10 |     6 ||    16
  Eat: Chunk             |     5 |    14 |    25 ||    44
Armor: Ring mail         |    39 |    45 |       ||    84
       Leather armour    |     1 |     8 |       ||     9
       Plate armour      |       |   148 |   225 ||   373
Dodge: Dodged            |    70 |   157 |   109 ||   336
